 Dungeon Crawl Stone Soup version 0.18.0-2-g198d6d4 (webtiles) character file.

14 imoen the Insei (level 2, -2/16 HPs)
             Began as a Vine Stalker Monk on May 5, 2016.
             Slain by an adder (3 damage)
             ... on level 2 of the Dungeon.
             The game lasted 00:00:56 (129 turns).

imoen the Insei (Vine Stalker Monk)                  Turns: 129, Time: 00:00:56

Health: -2/16      AC:  2    Str: 13    XL:     2   Next: 41%
Magic:  0/3        EV: 13    Int: 10    God:
Gold:   0          SH:  0    Dex: 16    Spells: 0 memorised, 1 level left

rFire  . . .     SeeInvis .       - Unarmed
rCold  . . .     Gourm    .     a - +0 robe
rNeg   . . .     Faith    .     (no shield)
rPois  .         Spirit   +     (no helmet)
rElec  .         Dismiss  .     (no cloak)
rCorr  .         Reflect  .     (no gloves)
SustAt .         Harm     .     (no boots)
MR     .....                    (no amulet)
Stlth  ++........               (no ring)
                                (no ring)

@: lethally poisoned (-2 -> -2), not resistant to hostile enchantments,
unstealthy
A: fangs 2, regeneration 1, magic shield, antimagic bite, no device heal 3, rot
immunity
a: no special abilities


You were on level 2 of the Dungeon.
You were not hungry.

You visited 1 branch of the dungeon, and saw 2 of its levels.

Inventory:

Missiles
 c - 3 poisoned tomahawks (quivered)
Armour
 a - a +0 robe (worn)
Comestibles
 b - 2 bread rations


   Skills:
 - Level 2.6 Fighting
 - Level 2.4 Dodging
 - Level 2.4 Stealth
 + Level 4.6 Unarmed Combat


You had one spell level left.
You didn't know any spells.

Dungeon Overview and Level Annotations

Branches:
Dungeon (2/15)

Altars:


Innate Abilities, Weirdness & Mutations

You have extremely sharp teeth.
Your natural rate of healing is unusually fast.
When hurt, damage is shared between your health and your magic reserves.
Your bite disrupts and absorbs the magic of your enemies.
Potions and wands cannot restore your health.
You are immune to rotting.


Message History

b - 2 bread rations (gained 1)
c - 3 poisoned tomahawks You open the door.
A kobold comes into view.
There is an open door here.
The kobold shouts!
The kobold misses you.
You miss the kobold. The kobold hits you.
You take 1 damage, and have 10/11 hp.
You hit the kobold.
You kill the kobold!
No target in view!
Health restored: 11 2 jackals come into view.
The jackal barks! x2
The jackal bites you but does no damage.
You punch the jackal!
You kill the jackal!
The jackal barely misses you. The jackal bites you.
You take 1 damage, and have 10/11 hp.
You now have 1/2 mp.
You closely miss the jackal. Your bite misses the jackal.
The jackal barely misses you.
Health restored: 11 You hit the jackal.
You kill the jackal!
MP restored: 2 You open the large door.
There is a large open door here.
There is a large open door here.
You open the door.
There is an open door here.
You open the door.
There is an open door here.
You open the door.
There is an open door here.
There is a stone staircase leading down here.
You climb downwards.
There is a stone staircase leading up here. 2 adders come into view.
The adder moves out of view.
A hobgoblin comes into view.
You see here 14 gold pieces.
The adder closely misses you. The adder barely misses you.
You miss the adder. The adder bites you.
* * * LOW HITPOINT WARNING * * *
You are poisoned.
The adder poisons you!
You take 5 damage, and have 6/11 hp.
MASSIVE DAMAGE!!
You hit the adder. You bite the adder. You drain its power.
You feel sick. The adder closely misses you.
You take 1 damage, and have 5/11 hp.
You hit the adder. The adder closely misses you.
You hit the adder. Your bite misses the adder.
You feel sick. The adder closely misses you. x2
Unknown command.
You hit the adder.
You kill the adder!
You have reached level 2!
You regained 2 hp, and now have 7/16 hp.
MP restored: 3 You aren't carrying any potions.
Unknown command.
You aren't carrying any spellbooks or scrolls.
Unknown command.
You miss the adder. The adder misses you. The adder bites you.
* * * LOW HITPOINT WARNING * * *
You take 2 damage, and have 5/16 hp.
You closely miss the adder. Your bite misses the adder.
The adder closely misses you.
Unknown command.
You hit the adder. Your bite misses the adder.
You feel sick. The adder barely misses you.
You take 1 damage, and have 5/16 hp.
Unknown command.
You hit the adder. Your bite misses the adder. The adder bites you.
* * * LOW HITPOINT WARNING * * *
You take 2 damage, and have 3/16 hp.
You now have 1/3 mp.
Unknown command.
You closely miss the adder. The adder barely misses you.
The adder bites you but does no damage.
Unknown command.
You barely miss the adder. Your bite misses the adder.
The adder barely misses you.
Unknown command.
You barely miss the adder. Your bite misses the adder.
You feel sick. The adder barely misses you.
You take 1 damage, and have 3/16 hp.
Unknown command.
You closely miss the adder. Your bite misses the adder. The adder bites you.
* * * LOW HITPOINT WARNING * * *
You take 1 damage, and have 2/16 hp.
You now have 0/3 mp.
Unknown command.
You closely miss the adder. Your bite misses the adder. The adder bites you.
* * * LOW HITPOINT WARNING * * *
You take 1 damage, and have 1/16 hp.
Unknown command.
You miss the adder. Your bite misses the adder. The adder bites you.
You die...

....... .......
....... .......
.#######.......
.......$..#
.......g#.#
.######S# # #@#
#.# #<# ###


You could see an adder and a hobgoblin.

Vanquished Creatures
  An adder (D:2)
  2 jackals (D:1)
  A kobold (D:1)
  A rat (D:1)
5 creatures vanquished.

Notes
Turn   | Place    | Note
--------------------------------------------------------------
     0 | D:1      | imoen the Vine Stalker Monk began the quest for the Orb.
     0 | D:1      | Reached XP level 1. HP: 11/11 MP: 2/2
   119 | D:2      | Reached XP level 2. HP: 7/16 MP: 3/3
   123 | D:2      | HP: 3/16 [adder (2)]
   128 | D:2      | HP: 1/16 [adder (1)]
   129 | D:2      | Slain by an adder

Action                   || total
-------------------------++-------
Melee: Unarmed           ||    24
       Bite              ||     4
Armor: Robe              ||     2
Dodge: Dodged            ||    18

Vault maps used:
D:1:      minmay_arrival_up_and_down, item_on_display_a
D:2:      nicolae_dithmenos_through_a_glass_darkly, uniq_jessica, uniq_iyjb

Table legend:
 A = Turns spent in this place as a percentage of turns spent in the entire game.
 B = Non-inter-level travel turns spent in this place as a percentage of non-inter-level travel turns spent in the entire game.
 C = Inter-level travel turns spent in this place as a percentage of turns spent in this place.
 D = Turns resting spent in this place as a percentage of non-inter-level travel turns spent in this place.
 E = Turns spent auto-exploring this place as a percentage of non-inter-level travel turns spent in this place.
 F = Non-inter-level travel turns spent in this place divided by the number of levels of this place that you've seen.
                   A       B       C       D       E      F
               +-------+-------+-------+-------+-------+----------------------
         Total | 100.0 | 100.0 |   0.0 |   0.0 |   0.0 |  65.0
       Dungeon | 100.0 | 100.0 |   0.0 |   0.0 |   0.0 |  65.0
               +-------+-------+-------+-------+-------+----------------------

Table legend:
 A = Kills in this place as a percentage of kills in entire the game.
 B = Kills by you in this place as a percentage of kills by you in the entire game.
 C = Kills by friends in this place as a percentage of kills by friends in the entire game.
 D = Other kills in this place as a percentage of other kills in the entire game.
 E = Experience gained in this place as a percentage of experience gained in the entire game.
 F = Experience gained in this place divided by the number of levels of this place that you have seen.
                   A       B       C       D       E      F
               +-------+-------+-------+-------+-------+----------------------
         Total | 100.0 | 100.0 |  -nan |  -nan | 100.0 |  10.0
       Dungeon | 100.0 | 100.0 |  -nan |  -nan | 100.0 |  10.0
               +-------+-------+-------+-------+-------+----------------------
